[Event "January 9 Early 2024"]
[Site "https://www.chess.com"]
[Date "2024.01.11"]
[Round "11"]
[White "Bournel, Antoine"]
[Black "Gokerkan, Cem Kaan"]
[Result "0-1"]
[Board "143"]
[TimeControl "180+1"]
[WhiteFideId "26093553"]
[BlackFideId "6336760"]
[WhiteElo "2575"]
[BlackElo "2814"]
[WhiteTeam "FRA"]
[BlackTeam "TUR"]
[WhiteClock "0:00:01"]
[BlackClock "0:00:09"]

1. d4 g6 2. e4 Bg7 3. Nf3 d6 4. Bc4 e6 5. c3 Ne7 6. Bb3 b6 7. Nbd2 h6 8. Nf1 Bb7 9. Ng3 Nd7 10. h4 c5 11. Qe2 Nc6 12. d5 exd5 13. exd5+ Nce5 14. Nxe5 dxe5 15. h5 g5 16. Nf5 Qf6 17. Qg4 O-O 18. Nxg7 c4 19. Bc2 Bc8 20. Nf5 e4 21. Nxh6+ Qxh6 22. Bxg5 Qg7 23. h6 Qg6 24. O-O-O f6 25. Qe6+ Kh8 26. Be3 Ne5 27. Qe7 Rf7 28. Qe8+ Kh7 29. Kb1 Bb7 30. Qe6 Rd8 31. f3 Nd3 32. Bxd3 exd3 33. Bd4 Bxd5 34. Qh3 Re8 35. Ka1 Re2 36. Qc8 Be6 37. Qc6 Bf5 38. g4 Bd7 39. Qa8 Re8 40. Qd5 Be6 41. Qd6 Rd7 42. Qf4 Rf7 43. Rde1 Bd7 44. Rxe8 Bxe8 45. Re1 Bc6 46. Qd6 d2 47. Rd1 Qc2 48. Re1 dxe1=Q# 0-1

[Event "January 9 Early 2024"]
[Site "https://www.chess.com"]
[Date "2024.01.11"]
[Round "11"]
[White "Le, Tuan Minh"]
[Black "Galchenko, Matvey"]
[Result "1-0"]
[Board "144"]
[TimeControl "180+1"]
[WhiteFideId "12401153"]
[BlackFideId "24175480"]
[WhiteElo "3041"]
[BlackElo "2937"]
[WhiteTeam "VIE"]
[BlackTeam "FID"]
[WhiteClock "0:00:14"]
[BlackClock "0:00:03"]

1. d4 d5 2. Nf3 Nf6 3. Bf4 c5 4. c3 Nc6 5. e3 Qb6 6. Qc2 g6 7. Nbd2 Bg7 8. Be2 O-O 9. O-O Bf5 10. Qb3 c4 11. Qa3 Rfc8 12. b3 cxb3 13. axb3 Ne4 14. Nxe4 Bxe4 15. Nd2 Bf5 16. Bg3 e5 17. Nf3 exd4 18. exd4 Re8 19. Rfe1 Rac8 20. Bf1 Bf6 21. h3 Be4 22. Nd2 Bf5 23. b4 a6 24. Nb3 h5 25. Nc5 h4 26. Bh2 Kg7 27. Qb3 Red8 28. Bf4 Kg8 29. Qd1 Na7 30. Qf3 Nb5 31. Bd2 Kg7 32. Rad1 Nd6 33. Bf4 Ne4 34. g4 hxg3 35. fxg3 Nxc5 36. bxc5 Qb2 37. Rd2 Qb3 38. Rf2 Be4 39. Bh6+ Kxh6 40. Qxf6 Qxc3 41. Rxe4 dxe4 42. Rf4 Qxg3+ 43. Bg2 Kh5 44. Rg4 Qe3+ 45. Kh2 g5 46. Qxf7+ Kh6 47. Rxe4 1-0

[Event "January 9 Early 2024"]
[Site "https://www.chess.com"]
[Date "2024.01.11"]
[Round "11"]
[White "Dahlgren, James Allen"]
[Black "Winkels, Marcel"]
[Result "1-0"]
[Board "145"]
[TimeControl "180+1"]
[WhiteFideId "22256873"]
[BlackFideId "1003887"]
[WhiteElo "2102"]
[BlackElo "2003"]
[WhiteTeam "ESP"]
[BlackTeam "NED"]
[WhiteClock "0:00:06"]
[BlackClock "0:00:10"]

1. d3 c5 2. f4 Nc6 3. Nf3 g6 4. Nc3 Bg7 5. e4 d6 6. Be2 e6 7. O-O Nge7 8. h3 O-O 9. g4 f5 10. Ng5 h6 11. Nf3 Nd4 12. Be3 Nec6 13. Qd2 Nxf3+ 14. Bxf3 Nd4 15. Rae1 Rb8 16. Bg2 b5 17. Ne2 Bd7 18. c3 Nxe2+ 19. Qxe2 b4 20. c4 Qc7 21. b3 Rbe8 22. Qf3 e5 23. fxe5 fxg4 24. Qg3 dxe5 25. hxg4 Qc8 26. g5 h5 27. Kh2 Be6 28. Bh3 Bxh3 29. Qxh3 Qd8 30. Bxc5 Rxf1 31. Rxf1 Qxg5 32. Bxb4 Bh6 33. Rf2 Qc1 34. Qd7 Bf4+ 35. Kg2 Rb8 36. Be7 Qe3 37. Qe6+ Kh7 38. Qf7+ Kh6 39. Bf8+ Rxf8 40. Qxf8+ Kg5 41. Qe7+ Kh6 42. Qd8 Qg3+ 43. Kf1 Be3 44. Qh8+ 1-0

[Event "January 9 Early 2024"]
[Site "https://www.chess.com"]
[Date "2024.01.11"]
[Round "11"]
[White "Zhu, Hengyi"]
[Black "Bharath Subramaniyam H"]
[Result "0-1"]
[Board "146"]
[TimeControl "180+1"]
[WhiteFideId "8611211"]
[BlackFideId "46634827"]
[WhiteElo "2822"]
[BlackElo "2969"]
[WhiteTeam "CHN"]
[BlackTeam "IND"]
[WhiteClock "0:00:01"]
[BlackClock "0:00:15"]

1. e4 c6 2. Nf3 d5 3. d3 g6 4. e5 c5 5. g3 Nc6 6. Bg2 Bg7 7. Bf4 h6 8. h4 Bg4 9. c3 Bxe5 10. Bxe5 Nxe5 11. Qa4+ Bd7 12. Qc2 Nxf3+ 13. Bxf3 Nf6 14. O-O O-O 15. Re1 Re8 16. Nd2 Bc6 17. d4 cxd4 18. cxd4 Rc8 19. Qd3 Qb6 20. Nb3 Bb5 21. Qd2 Kg7 22. Nc5 Nd7 23. a4 Bc6 24. b4 Nf6 25. Rac1 a6 26. Kg2 e6 27. Rb1 Ne4 28. Qe3 Red8 29. b5 axb5 30. axb5 Be8 31. Nxe4 dxe4 32. Qxe4 Rd5 33. h5 g5 34. Qe3 Rxb5 35. Rxb5 Qxb5 36. d5 Bd7 37. Qe5+ Kg8 38. Qf6 g4 39. Be4 exd5 40. Bb1 d4 41. Qxh6 Qd5+ 42. Kh2 d3 43. Rd1 Bc6 44. Rg1 Re8 45. Ba2 Qf5 46. Rf1 Re5 47. Kg1 Qxh5 0-1

[Event "January 9 Early 2024"]
[Site "https://www.chess.com"]
[Date "2024.01.11"]
[Round "11"]
[White "Tuncer, Tuna"]
[Black "Pakleza, Zbigniew"]
[Result "1/2-1/2"]
[Board "147"]
[TimeControl "180+1"]
[WhiteFideId "6349269"]
[BlackFideId "1119290"]
[WhiteElo "2656"]
[BlackElo "2871"]
[WhiteTeam "TUR"]
[BlackTeam "POL"]
[WhiteClock "0:00:03"]
[BlackClock "0:00:04"]

1. e4 d6 2. d4 Nf6 3. Nc3 c6 4. f4 Qb6 5. Nf3 Bg4 6. Be2 Bxf3 7. Bxf3 e5 8. Ne2 Nbd7 9. c3 Be7 10. O-O O-O 11. Kh1 Rfe8 12. Ng3 Bf8 13. Qc2 exd4 14. Bd2 dxc3 15. Bxc3 g6 16. Rad1 Rad8 17. Rfe1 Qc7 18. b3 Bg7 19. Qb2 Re6 20. e5 dxe5 21. fxe5 Nd5 22. Bxd5 cxd5 23. Rxd5 Rde8 24. Red1 Nxe5 25. h3 h5 26. Ne4 Nc4 27. bxc4 Rxe4 28. Qd2 Bxc3 29. Qxc3 Qxc4 30. Qxc4 Rxc4 31. Rd7 Rb4 32. Rf1 Rf8 33. Rf2 a5 34. Kh2 b6 35. Kg3 Kg7 36. Rc2 h4+ 37. Kf3 Rb5 38. Kg4 Re8 39. Kxh4 Re3 40. Rf2 Rb4+ 41. g4 g5+ 42. Kxg5 Rxh3 43. Rfxf7+ Kg8 44. Rg7+ Kf8 45. Rgf7+ Kg8 46. Rg7+ Kf8 47. Rgf7+ Kg8 1/2-1/2

[Event "January 9 Early 2024"]
[Site "https://www.chess.com"]
[Date "2024.01.11"]
[Round "11"]
[White "Carow, Johannes"]
[Black "Olenik Campa, Rudi"]
[Result "0-1"]
[Board "148"]
[TimeControl "180+1"]
[WhiteFideId "24692050"]
[BlackFideId "14633264"]
[WhiteElo "2703"]
[BlackElo "2585"]
[WhiteTeam "GER"]
[BlackTeam "SLO"]
[WhiteClock "0:00:05"]
[BlackClock "0:00:12"]

1. d4 Nf6 2. Nf3 g6 3. g3 Bg7 4. Bg2 O-O 5. O-O d6 6. c4 Nc6 7. Nc3 e5 8. dxe5 dxe5 9. Bg5 Be6 10. Qa4 Qc8 11. Rfd1 Nd7 12. Nd5 Re8 13. Rac1 h6 14. Be3 f5 15. b4 a6 16. Qb3 e4 17. Nd4 Nxd4 18. Bxd4 Ne5 19. Qc3 Bf7 20. f4 exf3 21. exf3 Bxd5 22. cxd5 Qd7 23. f4 Ng4 24. Bxg7 Qxg7 25. Qxg7+ Kxg7 26. Rxc7+ Kf6 27. d6 Rad8 28. d7 Re6 29. Rxb7 Ne3 30. Re1 Nxg2 31. Rxe6+ Kxe6 32. Rb6+ Kf7 33. Kxg2 Rxd7 34. Rxa6 Rd2+ 35. Kg1 Rd1+ 36. Kg2 Rd2+ 37. Kf3 Rxh2 38. b5 Rb2 39. a4 g5 40. fxg5 hxg5 41. b6 Rb3+ 42. Kg2 Ke7 43. a5 Kd7 44. Ra7+ Kc8 45. Rc7+ Kb8 46. Rc5 f4 47. Rxg5 fxg3 48. Rg8+ Kb7 49. Rg7+ Kb8 0-1

[Event "January 9 Early 2024"]
[Site "https://www.chess.com"]
[Date "2024.01.11"]
[Round "11"]
[White "Shubenkova, Veronika"]
[Black "Kvaloy, Aksel Bu"]
[Result "0-1"]
[Board "149"]
[TimeControl "180+1"]
[WhiteFideId "44124040"]
[BlackFideId "1528815"]
[WhiteElo "2599"]
[BlackElo "2736"]
[WhiteTeam "RUS"]
[BlackTeam "NOR"]
[WhiteClock "0:00:06"]
[BlackClock "0:00:04"]

1. d4 Nf6 2. e3 c5 3. f4 g6 4. Nf3 Bg7 5. c3 O-O 6. Bd3 cxd4 7. exd4 d6 8. O-O Nc6 9. Nbd2 e5 10. Bb5 exd4 11. Bxc6 bxc6 12. Nxd4 c5 13. N4f3 Bb7 14. f5 Ng4 15. Nb3 Re8 16. fxg6 fxg6 17. Bg5 Qb6 18. Qd2 a5 19. Rae1 a4 20. Nc1 h6 21. Bf4 Kh7 22. h3 Ne5 23. Nxe5 dxe5 24. Be3 Rad8 25. Qf2 Qe6 26. Bxc5 Ba6 27. Ne2 Qxa2 28. Qf7 Qxf7 29. Rxf7 Rd2 30. Ng3 Rxb2 31. Ne4 Kg8 32. Ra7 Bb5 33. Nd6 Bf8 34. Kh2 Re6 35. Nxb5 Bxc5 36. Ra8+ Kg7 37. Nc7 Re7 38. Nd5 Rd7 39. c4 a3 40. Kh1 a2 41. Nc3 Rdb7 0-1

[Event "January 9 Early 2024"]
[Site "https://www.chess.com"]
[Date "2024.01.11"]
[Round "11"]
[White "Delorme, Axel"]
[Black "Rodriguez Santiago, Jaime"]
[Result "1-0"]
[Board "150"]
[TimeControl "180+1"]
[WhiteFideId "632023"]
[BlackFideId "3100898"]
[WhiteElo "2518"]
[BlackElo "2310"]
[WhiteTeam "FRA"]
[BlackTeam "PUR"]
[WhiteClock "0:00:04"]
[BlackClock "0:00:03"]

1. e4 c6 2. d4 d5 3. Nc3 dxe4 4. Nxe4 Nf6 5. Nxf6+ exf6 6. Bc4 Bd6 7. Qe2+ Be7 8. Nf3 O-O 9. O-O Bd6 10. Re1 Nd7 11. h3 Nb6 12. Bd3 Nd5 13. c3 Bd7 14. Qe4 g6 15. Bh6 Re8 16. Qh4 Be6 17. a3 b5 18. Nd2 Bf8 19. Bxf8 Rxf8 20. Ne4 Kg7 21. Nc5 Qd6 22. a4 a6 23. a5 Nf4 24. Qg3 Qb8 25. Be4 Bd5 26. Nd7 Qd6 27. Nxf8 Rxf8 28. Bxd5 cxd5 29. Re3 g5 30. Rae1 h5 31. h4 Kg6 32. Re8 Rxe8 33. Rxe8 Qc7 34. Qf3 Qxa5 35. hxg5 fxg5 36. Rg8+ Kh6 37. g3 Kh7 38. Rc8 Nh3+ 39. Kh2 Kg7 40. Qf5 g4 41. Qxh5 Qb6 42. Qxg4+ Kf6 43. Qxh3 a5 44. Qh4+ Ke6 45. Re8+ Kd7 46. Qe7+ Kc6 47. Rc8+ 1-0

[Event "January 9 Early 2024"]
[Site "https://www.chess.com"]
[Date "2024.01.11"]
[Round "11"]
[White "Topalov, Aleksandar"]
[Black "Kurmangaliyeva, Liya"]
[Result "0-1"]
[Board "151"]
[TimeControl "180+1"]
[WhiteFideId "925659"]
[BlackFideId "13725831"]
[WhiteElo "2436"]
[BlackElo "2550"]
[WhiteTeam "SRB"]
[BlackTeam "KAZ"]
[WhiteClock "0:00:01"]
[BlackClock "0:00:05"]

1. b3 d5 2. Bb2 c5 3. e3 Nc6 4. Bb5 f6 5. d4 cxd4 6. exd4 e6 7. Nf3 Bd6 8. O-O Ne7 9. c4 O-O 10. Nc3 a6 11. Ba4 Bd7 12. Re1 Rc8 13. h3 Re8 14. a3 Bb8 15. Qd3 dxc4 16. bxc4 Na5 17. Bxd7 Qxd7 18. c5 Rxc5 19. Qe4 Rc6 20. d5 exd5 21. Nxd5 Bd6 22. Bxf6 Rc4 23. Qe2 Nxd5 24. Qxe8+ Qxe8 25. Rxe8+ Kf7 26. Rd8 Nxf6 27. Rxd6 Rc3 28. Rb6 Nd5 29. Rd6 Nf6 30. a4 Nc6 31. Rb1 Na5 32. Ng5+ Kg6 33. Ne6 Rc4 34. Nf8+ Kf7 35. Nd7 Rxa4 36. Nxf6 gxf6 37. Rbb6 Rf4 38. Rd5 Nc6 39. Rxb7+ Kg6 40. Rb6 Nb4 41. Rdd6 a5 42. g3 Rf5 43. Rd8 h5 44. Ra8 Nd3 45. Rba6 Rxf2 0-1

[Event "January 9 Early 2024"]
[Site "https://www.chess.com"]
[Date "2024.01.11"]
[Round "11"]
[White "Bodnaruk, Anastasia"]
[Black "Herman, Daniel"]
[Result "1-0"]
[Board "152"]
[TimeControl "180+1"]
[WhiteFideId "4181751"]
[BlackFideId "30935008"]
[WhiteElo "2558"]
[BlackElo "2438"]
[WhiteTeam "RUS"]
[BlackTeam "USA"]
[WhiteClock "0:00:07"]
[BlackClock "0:00:15"]

1. e4 e5 2. Nf3 Nc6 3. Bb5 a6 4. Ba4 Nf6 5. O-O b5 6. Bb3 Be7 7. Re1 O-O 8. d4 d6 9. c3 Bg4 10. d5 Nb8 11. a4 Nbd7 12. Bc2 Nc5 13. axb5 axb5 14. Rxa8 Qxa8 15. h3 Bd7 16. Nbd2 c6 17. Nb3 Nxb3 18. Bxb3 cxd5 19. exd5 Bd8 20. Be3 Qb7 21. Qd2 Bb6 22. Bxb6 Qxb6 23. Ra1 Ne4 24. Qe3 Qxe3 25. fxe3 Nc5 26. Bc2 Na4 27. c4 Nxb2 28. Ra7 Rd8 29. c5 dxc5 30. Nxe5 Be8 31. Nc6 Rd7 32. Ra8 Kf8 33. e4 Nc4 34. Bd3 Nb6 35. Rb8 c4 36. Be2 Nxd5 37. exd5 Rxd5 38. Nb4 Rd6 39. Bf3 Ke7 40. Rb7+ Bd7 41. Bc6 Ke6 42. Bxd7+ Rxd7 43. Rxb5 c3 44. Rc5 Rd1+ 45. Kh2 Rb1 46. Nd5 c2 47. Nf4+ Kd6 48. Rxc2 Ke5 49. Nd3+ Kd4 50. Nf2 f5 51. Rc7 g5 52. Re7 Rb2 53. Nd1 Rd2 54. Rd7+ 1-0

[Event "January 9 Early 2024"]
[Site "https://www.chess.com"]
[Date "2024.01.11"]
[Round "11"]
[White "Barbot, Pierre"]
[Black "Mohammadi, Melika"]
[Result "0-1"]
[Board "153"]
[TimeControl "180+1"]
[WhiteFideId "663727"]
[BlackFideId "42529271"]
[WhiteElo "2298"]
[BlackElo "2444"]
[WhiteTeam "FRA"]
[BlackTeam "IRI"]
[WhiteClock "0:00:03"]
[BlackClock "0:00:08"]

1. d4 d5 2. Nf3 Nf6 3. Bf4 c5 4. e3 Nc6 5. Nbd2 Qb6 6. dxc5 Qxc5 7. Nb3 Qb6 8. c3 e6 9. Bd3 Qd8 10. O-O Bd6 11. Bxd6 Qxd6 12. a4 O-O 13. a5 a6 14. Nfd4 e5 15. Nf5 Qc7 16. Bc2 Be6 17. h3 Rad8 18. Nc5 Nxa5 19. b4 Nc4 20. Nxe6 fxe6 21. Ng3 Nd6 22. Qd3 e4 23. Qd2 Rc8 24. Ne2 Nb5 25. Rfc1 Nxc3 26. Nd4 e5 27. Ne6 Qb6 28. Nxf8 Kxf8 29. Bd1 d4 30. exd4 exd4 31. Bg4 Nxg4 32. hxg4 Kg8 33. Rc2 Rf8 34. Rb2 Qf6 35. b5 Nxb5 36. Rb4 d3 37. Qe3 Qxa1+ 38. Kh2 Qe5+ 39. g3 Qd6 40. Rxe4 d2 41. Re6 d1=Q 42. Rxd6 Qxd6 43. Qb3+ Kh8 44. g5 Qd4 45. g6 Qxf2+ 46. Kh3 Qf5+ 47. g4 Qxg6 48. Qd5 Qf7 49. Qe5 Qf3+ 50. Kh4 Qh1+ 51. Kg5 Qh6# 0-1

[Event "January 9 Early 2024"]
[Site "https://www.chess.com"]
[Date "2024.01.11"]
[Round "11"]
[White "Sasvatha A"]
[Black "Burmakin, Evgeniy"]
[Result "1/2-1/2"]
[Board "154"]
[TimeControl "180+1"]
[WhiteFideId "45010862"]
[BlackFideId "4163729"]
[WhiteElo "2194"]
[BlackElo "2392"]
[WhiteTeam "IND"]
[BlackTeam "RUS"]
[WhiteClock "0:00:58"]
[BlackClock "0:00:13"]

1. e4 c5 2. Nf3 d6 3. d4 cxd4 4. Nxd4 Nf6 5. f3 e5 6. Nb3 d5 7. exd5 Qxd5 8. Qxd5 Nxd5 9. c3 Nc6 10. a3 Be6 11. c4 Nb6 12. N3d2 Nd4 13. Bd3 O-O-O 14. Nc3 Nb3 15. Nxb3 Rxd3 16. c5 Nd7 17. Nd2 Bxc5 18. Nce4 Bb6 19. Nb1 Rd8 20. Nbc3 f5 21. Nf2 Rd6 22. Bg5 Nf6 23. Bxf6 gxf6 24. Rd1 Bc4 25. Rxd6 Rxd6 26. Nfd1 a6 27. h4 h5 28. g4 fxg4 29. fxg4 hxg4 30. h5 Bg8 31. h6 Bh7 32. Ke2 f5 33. Ne3 Bxe3 34. Kxe3 f4+ 35. Ke2 e4 36. Rh4 f3+ 37. Ke3 g3 38. Nxe4 Bxe4 39. Rxe4 g2 40. Rg4 Rxh6 41. Kxf3 Rf6+ 42. Kxg2 Kc7 43. Rc4+ Kb6 44. Rg4 Kb5 45. Kg3 b6 46. b3 a5 47. Rg5+ Kc6 48. Rg4 Rd6 49. Rf4 Rd3+ 50. Rf3 Rxf3+ 51. Kxf3 Kc5 52. Ke3 a4 53. bxa4 Kc4 54. a5 bxa5 55. Kd2 Kb3 56. Kc1 a4 57. Kb1 Kxa3 58. Ka1 Kb3 59. Kb1 Ka3 60. Ka1 Kb3 61. Kb1 a3 62. Ka1 Kb4 63. Kb1 Ka4 64. Ka1 Kb3 65. Kb1 a2+ 66. Ka1 Kc2 67. Kxa2 1/2-1/2

[Event "January 9 Early 2024"]
[Site "https://www.chess.com"]
[Date "2024.01.11"]
[Round "11"]
[White "Limontaite, Simona"]
[Black "Kanyamarala, Trisha"]
[Result "0-1"]
[Board "155"]
[TimeControl "180+1"]
[WhiteFideId "12802506"]
[BlackFideId "45004722"]
[WhiteElo "2328"]
[BlackElo "2510"]
[WhiteTeam "LTU"]
[BlackTeam "IRL"]
[WhiteClock "0:00:02"]
[BlackClock "0:00:06"]

1. d4 Nf6 2. c4 e6 3. Nc3 Bb4 4. Qc2 Bxc3+ 5. Qxc3 d5 6. Nf3 h6 7. e3 O-O 8. Bd3 c5 9. cxd5 cxd4 10. exd4 Nxd5 11. Qd2 Nc6 12. O-O b6 13. Rd1 Bb7 14. Qe2 Nce7 15. Ne5 Nf6 16. Bc2 Qd5 17. f3 Rfd8 18. Be3 Nc6 19. Bb3 Qd6 20. Nc4 Qe7 21. Qf2 Nd5 22. Bd2 b5 23. Ne5 Nf6 24. Be3 Nd5 25. Rac1 Nxe3 26. Qxe3 Nxe5 27. dxe5 a6 28. Bc2 Bd5 29. a3 Rac8 30. Bb1 Qh4 31. Qf2 Qg5 32. Rxc8 Rxc8 33. Re1 Rc1 34. h4 Rxe1+ 35. Qxe1 Qf4 36. Bd3 Qd4+ 37. Kh2 Qxd3 38. Qa5 Qc4 39. Qd8+ Kh7 40. Qe7 Qf4+ 41. Kg1 Qe3+ 42. Kh2 Qxe5+ 43. Kg1 Qf6 44. Qc7 Qxh4 45. Qc5 Qe1+ 46. Kh2 Qe5+ 47. Kg1 Qxb2 48. Qf8 Qd4+ 49. Kh2 a5 50. Qxf7 Qe5+ 51. Kg1 b4 52. axb4 axb4 0-1

[Event "January 9 Early 2024"]
[Site "https://www.chess.com"]
[Date "2024.01.11"]
[Round "11"]
[White "Janaszak, Dawid"]
[Black "Yuan, Qingyu"]
[Result "1-0"]
[Board "156"]
[TimeControl "180+1"]
[WhiteFideId "1119206"]
[BlackFideId "8609772"]
[WhiteElo "2637"]
[BlackElo "2744"]
[WhiteTeam "POL"]
[BlackTeam "CHN"]
[WhiteClock "0:00:27"]
[BlackClock "0:00:02"]

1. d4 d5 2. Nf3 Nf6 3. e3 e6 4. c4 a6 5. Nc3 Nbd7 6. a4 b6 7. Qc2 Bb7 8. Bd3 c5 9. cxd5 exd5 10. O-O c4 11. Be2 Bd6 12. b3 cxb3 13. Qxb3 O-O 14. Ba3 Qe7 15. Bxd6 Qxd6 16. Qa3 Qxa3 17. Rxa3 Rfc8 18. Rb1 Rc7 19. Bd3 Rac8 20. Ne2 g6 21. h3 Ne8 22. Rab3 f6 23. Kh2 Nd6 24. Nf4 Kf7 25. h4 Nc4 26. g4 Na5 27. R3b2 Nc4 28. Rb3 Bc6 29. Ra1 b5 30. axb5 axb5 31. h5 g5 32. Ne2 h6 33. Nc3 Rb7 34. Bf5 Ke7 35. Ra6 Rcc7 36. Ra8 Nb8 37. Ra1 Nd7 38. Ra8 Nb8 39. Ra1 Ra7 40. Rab1 Nd6 41. Bd3 Nd7 42. Kg3 Ne4+ 43. Bxe4 dxe4 44. Nd2 Nb6 45. Nxb5 Bxb5 46. Rxb5 Nd7 47. Nxe4 Ra2 48. R1b2 Ra1 49. Rb1 Ra2 50. R5b2 Ra3 51. Rb7 Rc2 52. Nc5 Rxc5 53. dxc5 Ke6 54. c6 Ne5 55. Rc1 Ra4 56. f3 Ra2 57. c7 Nd3 58. c8=Q+ Ke5 59. Qf5+ Kd6 60. Rd7# 1-0

[Event "January 9 Early 2024"]
[Site "https://www.chess.com"]
[Date "2024.01.11"]
[Round "11"]
[White "Rodriguez Avila, Alvaro"]
[Black "Huschenbeth, Niclas"]
[Result "0-1"]
[Board "157"]
[TimeControl "180+1"]
[WhiteFideId "24570249"]
[BlackFideId "24604747"]
[WhiteElo "2315"]
[BlackElo "2450"]
[WhiteTeam "ESP"]
[BlackTeam "GER"]
[WhiteClock "0:00:00"]
[BlackClock "0:00:03"]

1. e4 c5 2. Nf3 d6 3. d4 cxd4 4. Nxd4 Nf6 5. Nc3 a6 6. Bg5 Nbd7 7. Bc4 Qb6 8. Bb3 e6 9. Qd2 Be7 10. O-O-O Nc5 11. Rhe1 Qc7 12. Kb1 O-O 13. f4 h6 14. Bxf6 Bxf6 15. g4 b5 16. h4 b4 17. Na4 Bxh4 18. Rh1 Nxe4 19. Qe3 Nf2 20. Rxh4 Nxd1 21. Qe1 Nxb2 22. Kxb2 e5 23. fxe5 dxe5 24. Nf3 Bb7 25. Qxe5 Qxe5+ 26. Nxe5 Rad8 27. Nc5 Bd5 28. Ned7 Bxb3 29. Nxf8 Bxc2 30. Nfd7 Bg6 31. Rh2 Re8 32. Kb3 a5 33. Ka4 Re3 34. Kxa5 Rg3 35. Kxb4 Rxg4+ 36. Kb5 f6 37. a4 Be8 38. a5 Rg5 39. Kb6 Bf7 40. a6 Bd5 41. a7 Rg1 42. Rb2 Ra1 43. Kc7 h5 0-1

[Event "January 9 Early 2024"]
[Site "https://www.chess.com"]
[Date "2024.01.11"]
[Round "11"]
[White "Iturrizaga Bonelli, Eduardo"]
[Black "Radjabov, Teimour"]
[Result "1-0"]
[Board "158"]
[TimeControl "180+1"]
[WhiteFideId "3901211"]
[BlackFideId "13400924"]
[WhiteElo "3039"]
[BlackElo "3035"]
[WhiteTeam "ESP"]
[BlackTeam "AZE"]
[WhiteClock "0:00:10"]
[BlackClock "0:00:02"]

1. c4 Nf6 2. g3 g6 3. Bg2 Bg7 4. Nc3 O-O 5. d4 c6 6. e4 d6 7. Nf3 e5 8. O-O Na6 9. Qc2 Re8 10. Rd1 Bd7 11. h3 exd4 12. Nxd4 Qe7 13. Bf4 Nh5 14. Be3 Nf6 15. Bf4 Nh5 16. Be3 Nf6 17. Rd2 Nc5 18. f3 Rac8 19. Bf2 Bh6 20. Re2 Qf8 21. Rd1 b6 22. Ree1 Bg7 23. b3 h5 24. Qd2 Rcd8 25. Be3 Ne6 26. Bf2 Nc5 27. Be3 Ne6 28. h4 Nxd4 29. Bxd4 Be6 30. Qc2 Qe7 31. Ne2 Qf8 32. Nf4 Bc8 33. Qb2 Nh7 34. Bxg7 Qxg7 35. Qxg7+ Kxg7 36. Rd2 Kf8 37. Red1 Ke7 38. Kf2 Nf6 39. Ne2 Bb7 40. Nc3 Ba8 41. b4 Bb7 42. b5 c5 43. Bh3 Ba8 44. a4 Bb7 45. a5 bxa5 46. Ra1 Ra8 47. Rxa5 a6 48. b6 Reb8 49. e5 Ne8 50. exd6+ Nxd6 51. Rxc5 f5 52. Rc7+ Ke6 53. Bf1 Bc8 54. c5 Ne8 55. Bc4+ 1-0

[Event "January 9 Early 2024"]
[Site "https://www.chess.com"]
[Date "2024.01.11"]
[Round "11"]
[White "Teillet, Benoit"]
[Black "Foisor, Sabina-Francesca"]
[Result "0-1"]
[Board "159"]
[TimeControl "180+1"]
[WhiteFideId "616591"]
[BlackFideId "1212915"]
[WhiteElo "2232"]
[BlackElo "2396"]
[WhiteTeam "FRA"]
[BlackTeam "USA"]
[WhiteClock "0:00:11"]
[BlackClock "0:00:22"]

1. b4 e6 2. Bb2 Nf6 3. b5 d5 4. e3 a6 5. a4 axb5 6. axb5 Rxa1 7. Bxa1 c5 8. Nf3 Be7 9. c4 O-O 10. Be2 Nbd7 11. d4 cxd4 12. exd4 Ne4 13. c5 Qa5+ 14. Nbd2 Ndf6 15. O-O Bd7 16. Nb3 Qb4 17. Qc2 Bxb5 18. Bxb5 Qxb5 19. Rb1 Ra8 20. Nbd2 Qe2 21. Re1 Qxf2+ 22. Kh1 Nxd2 23. Qxd2 Ne4 24. Qxf2 Nxf2+ 25. Kg1 Ne4 26. Bb2 Ra2 27. Bc1 Ra1 28. Kf1 h6 29. Ne5 f6 30. Nf3 Bd8 31. Bf4 Rxe1+ 32. Kxe1 g5 33. Bb8 Kf7 34. Ke2 Ke7 35. Kd3 Kd7 36. Ba7 Kc6 37. Ne1 b6 38. cxb6 Bxb6 39. Bxb6 Kxb6 40. Nc2 Kb5 41. Ne3 Kc6 42. h4 Kd6 43. hxg5 hxg5 44. Ng4 f5 45. Ne5 Ke7 46. Nf3 Kf6 47. Ne5 g4 48. Nd7+ Kg5 49. Nc5 Kf6 50. Nd7+ Ke7 51. Nb6 f4 52. Na4 f3 53. gxf3 gxf3 54. Ke3 f2 55. Ke2 Kd6 56. Nb2 e5 57. dxe5+ Kxe5 58. Nd3+ Kd4 59. Nf4 Kc4 60. Nd3 d4 61. Nc1 Kc3 62. Nd3 Ng3+ 63. Kxf2 Kxd3 64. Kf3 Kc2 65. Kxg3 d3 66. Kf3 d2 67. Ke3 d1=Q 0-1

[Event "January 9 Early 2024"]
[Site "https://www.chess.com"]
[Date "2024.01.11"]
[Round "11"]
[White "Ashraf, Artin"]
[Black "Grischuk, Alexander"]
[Result "1-0"]
[Board "160"]
[TimeControl "180+1"]
[WhiteFideId "22514805"]
[BlackFideId "4126025"]
[WhiteElo "2931"]
[BlackElo "3053"]
[WhiteTeam "IRI"]
[BlackTeam "RUS"]
[WhiteClock "0:00:06"]
[BlackClock "0:00:01"]

1. d4 d5 2. c4 c6 3. Nf3 Nf6 4. Nc3 dxc4 5. a4 Bf5 6. Ne5 Nbd7 7. Nxc4 Nb6 8. Ne5 a5 9. f3 Nfd7 10. Nxd7 Bxd7 11. e4 e6 12. Be3 Bb4 13. Be2 O-O 14. O-O Rc8 15. Rc1 c5 16. dxc5 Bxc5 17. Bxc5 Rxc5 18. Qd4 Rc8 19. Rfd1 Bc6 20. Qe3 Nd7 21. Bb5 Qb6 22. Qxb6 Nxb6 23. b3 h6 24. Kf2 g5 25. Ke3 Kg7 26. Bxc6 Rxc6 27. Nb5 Rb8 28. Na7 Rxc1 29. Rxc1 Nd7 30. Rc7 Rd8 31. Nb5 Ne5 32. Nd4 Kf6 33. Rxb7 Rc8 34. Rb5 Rc3+ 35. Ke2 Rc1 36. Rxa5 Rg1 37. Kf2 Rd1 38. Ne2 h5 39. h3 h4 40. Rb5 Rd2 41. a5 Ra2 42. b4 Nd3+ 43. Ke3 Ne5 44. Rc5 Ra3+ 45. Rc3 Ra2 46. Rb3 Nc4+ 47. Kd4 Ne5 48. Nc3 Rxg2 49. a6 Nxf3+ 50. Kc5 1-0

[Event "January 9 Early 2024"]
[Site "https://www.chess.com"]
[Date "2024.01.11"]
[Round "11"]
[White "Klukin, Kirill"]
[Black "Wojtaszek, Radoslaw"]
[Result "1-0"]
[Board "161"]
[TimeControl "180+1"]
[WhiteFideId "24199273"]
[BlackFideId "1118358"]
[WhiteElo "2842"]
[BlackElo "2909"]
[WhiteTeam "RUS"]
[BlackTeam "POL"]
[WhiteClock "0:00:04"]
[BlackClock "0:00:06"]

1. d4 Nf6 2. c4 e6 3. Nc3 Bb4 4. e3 O-O 5. Bd2 c5 6. Nf3 Bxc3 7. Bxc3 Ne4 8. Rc1 d6 9. Qc2 Nxc3 10. Qxc3 Nc6 11. Be2 Qe7 12. O-O e5 13. dxe5 dxe5 14. Rfd1 e4 15. Nd2 f5 16. a3 a5 17. Nb1 Be6 18. Qe1 f4 19. Bf1 f3 20. g3 Ne5 21. Nc3 Bf5 22. Rd5 Ra6 23. Rcd1 Rh6 24. Qd2 Ng4 25. h3 Ne5 26. Rd8 Nd3 27. Rxf8+ Qxf8 28. Nxe4 Bxe4 29. Bxd3 Rd6 30. Bxe4 Rxd2 31. Rxd2 b6 32. Rd7 g6 33. Bd5+ Kh8 34. Rf7 Qd6 35. Rxf3 Qe5 36. b3 Qb2 37. e4 Qxa3 38. Bc6 Kg7 39. Kg2 Qa1 40. Re3 Qe5 41. Rf3 h5 42. h4 Qd4 43. Re3 Qe5 44. Ba4 Kf8 45. Rf3+ Ke7 46. Re3 Qd4 47. Bc6 Qe5 48. Ba4 Kd6 49. Rd3+ Ke7 50. Kf3 Qf6+ 51. Ke3 Qb2 52. Kf3 Qf6+ 53. Kg2 1-0

[Event "January 9 Early 2024"]
[Site "https://www.chess.com"]
[Date "2024.01.11"]
[Round "11"]
[White "Goryachkina, Aleksandra"]
[Black "Aashman Gupta"]
[Result "0-1"]
[Board "162"]
[TimeControl "180+1"]
[WhiteFideId "4147103"]
[BlackFideId "45022500"]
[WhiteElo "2642"]
[BlackElo "2504"]
[WhiteTeam "FID"]
[BlackTeam "IND"]
[WhiteClock "0:00:01"]
[BlackClock "0:00:03"]

1. e4 e5 2. Nf3 Nc6 3. Bc4 Nf6 4. d3 Be7 5. O-O O-O 6. Nc3 d6 7. a3 Be6 8. Nd5 Bxd5 9. exd5 Nb8 10. Re1 Nbd7 11. d4 e4 12. Nd2 Nb6 13. Bb3 Nfxd5 14. Nxe4 Nf6 15. c3 Nxe4 16. Rxe4 d5 17. Re5 Bf6 18. Rh5 c6 19. Bc2 g6 20. Qg4 Bg7 21. Rh3 Re8 22. Bg5 Qd7 23. Qh4 h5 24. Rg3 Qe6 25. h3 Nd7 26. Re3 Qd6 27. Be7 Qc7 28. Rae1 Nf8 29. Bf6 Rxe3 30. Rxe3 Qd6 31. Be7 Qd7 32. a4 Re8 33. a5 a6 34. b3 Ne6 35. Ba3 Bh6 36. Re5 Nf4 37. Qf6 Rxe5 38. Qxe5 Qe6 39. g3 Ne2+ 40. Kf1 Qxe5 41. dxe5 Nxc3 42. Bc5 Ne4 43. f3 Nxc5 0-1